 Dungeon Crawl Stone Soup version 0.30-a0-389-g8d7d949f56 (webtiles) character file.

Game seed: 16603662945917427918

2744 arthad the Fighter (level 9, 0/60 HPs)
             Began as a Gargoyle Monk on Dec 4, 2022.
             Was a Priest of Okawaru.
             Slain by a boulder beetle (22 damage)
             ... on level 8 of the Dungeon.
             The game lasted 00:25:40 (7852 turns).

arthad the Fighter (Gargoyle Monk)                  Turns: 7852, Time: 00:25:41

Health: 0/60       AC: 17    Str: 20    XL:     9   Next: 68%
Magic:  0/12       EV: 17    Int: 10    God:    Okawaru [***...]
Gold:   559        SH:  0    Dex: 12    Spells: 6/8 levels left

rFire   . . .      SeeInvis .    u - +1 war axe (freeze)
rCold   . . .      Faith    .    (no shield)
rNeg    + . .      Spirit   +    P - +0 steam dragon scales
rPois   ∞          Reflect  .    v - +0 helmet
rElec   +          Harm     .    (no cloak)
rCorr   .          Rampage  .    m - +1 pair of gloves
Will    +....                    l - +0 pair of boots
Stlth   +++.......               M - amulet of guardian spirit
HPRegen 0.30/turn                p - +4 ring of evasion
MPRegen 0.13/turn                D - ring of willpower

@: no status effects
A: sickness immunity, AC +6, negative energy resistance 1, electricity
resistance, torment resistance 1, petrification resistance
a: Renounce Religion, Heroism


You were on level 8 of the Dungeon.
You worshipped Okawaru.
Okawaru was most pleased with you.
You visited 2 branches of the dungeon, and saw 9 of its levels.
You also visited: Ossuary and Bailey.

You collected 559 gold pieces.

Inventory:

Hand Weapons
 a - a +0 hand axe
 h - a +1 flail of protection
 n - a +0 whip of flaming
 u - a +1 war axe of freezing (weapon)
 F - a +0 war axe
 R - a +0 war axe
 T - a +0 broad axe
Missiles
 q - 15 boomerangs
 x - 3 throwing nets
 I - 9 poisoned darts
 K - 5 javelins
 Q - a silver boomerang (quivered)
 V - 2 curare-tipped darts
Armour
 b - a +0 robe
 l - a +0 pair of boots (worn)
 m - a +1 pair of gloves (worn)
 v - a +0 helmet (worn)
 N - a +0 tower shield
 P - +0 steam dragon scales (worn)
 S - a +1 robe of cold resistance
Jewellery
 i - a ring of wizardry
 p - a +4 ring of evasion (left hand)
 D - a ring of willpower (right hand)
 G - a ring of see invisible
 H - an amulet of the acrobat
 J - a +6 ring of intelligence
 M - an amulet of guardian spirit (around neck)
Wands
 k - a wand of flame (28)
 C - a wand of charming (21)
 E - a wand of light (2)
Scrolls
 d - 13 scrolls of identify
 f - 7 scrolls of teleportation
 g - 3 scrolls of noise
 j - 2 scrolls of blinking
 t - 4 scrolls of enchant weapon
 y - a scroll of poison
 A - a scroll of amnesia
 B - 2 scrolls of enchant armour
Potions
 c - a potion of ambrosia
 e - 2 potions of degeneration
 o - a potion of curing
 r - a potion of mutation
 s - a potion of might
 w - 2 potions of haste
 z - 6 potions of flight
 L - a potion of attraction
 O - a potion of magic
Miscellaneous
 U - a condenser vane (inert)


   Skills:
 * Level 8.6 Fighting
 + Level 5.8 Axes
 + Level 4.4 Armour
 + Level 5.3 Dodging
 - Level 4.8 Stealth
 + Level 4.4 Invocations


You had 6 spell levels left.
You knew the following spells:

 Your Spells              Type           Power      Damage    Failure   Level
a - Blink                 Tloc           0%         N/A       50%         2

Your spell library contained the following spells:

 Spells                   Type           Power      Damage    Failure   Level
 Apportation              Tloc           0%         N/A       36%         1
 Sandblast                Erth           0%         2d4       36%         1
 Momentum Strike          Conj/Tloc      0%         3d8       50%         2
 Passwall                 Tmut/Erth      0%         N/A       50%         2
 Scorch                   Fire           0%         2d5       50%         2
 Kindle Blastsparks       Fire/Tloc/Air  0%         2d10      75%         3
 Lesser Beckoning         Tloc           0%         N/A       75%         3
 Stone Arrow              Conj/Erth      0%         3d7       75%         3
 Passage of Golubria      Tloc           0%         N/A       98%         4
 Alistair's Intoxication  Tmut/Pois      0%         N/A       100%        5
 Blade Hands              Tmut           0%         N/A       100%        5
 Yara's Violent Unravell  Hex/Tmut       0%         3d3       100%        5
 Conjure Ball Lightning   Conj/Air       0%         3x3d6     100%        6
 Iron Shot                Conj/Erth      0%         9d1       100%        6
 Tukima's Dance           Hex            Unusable   N/A       N/A         3
 Animate Armour           Summ/Erth      Unusable   N/A       N/A         4

Dungeon Overview and Level Annotations

Branches:
Dungeon (8/15)             Temple (1/1) D:4         Ossuary (visited)
 Bailey (visited)
   Lair: D:8-11

Altars:
Ashenzari
Cheibriados
Dithmenos
Hepliaklqana
Kikubaaqudgha
Makhleb
Nemelex Xobeh
Okawaru
Qazlal
Sif Muna
Trog
Vehumet
Wu Jian
Xom
Yredelemnul
The Shining One


Innate Abilities, Weirdness & Mutations

You are immune to sickness and miasma.
Your stone body is resilient. (AC +6)
You are immune to poison.
You resist negative energy. (rN+)
You are resistant to electric shocks. (rElec)
You are resistant to unholy torment.
You are immune to petrification.


Message History

The puff of flame hits the boulder beetle.
The boulder beetle is severely wounded.
Unknown command.
Okay, then.
Unknown command.
Aiming: Throw Flame
Press: ? - help, Shift-Dir - straight line, f/p - boulder beetle
Aim: a boulder beetle (severely wounded, rolling, 100% to hit)
The puff of flame hits the boulder beetle.
The boulder beetle is almost dead.
The boulder beetle barely misses you.
The boulder beetle stops rolling and uncurls.
You feel better.
The boulder beetle bites you but does no damage.
You hit the boulder beetle but do no damage.
The boulder beetle is almost dead.
The boulder beetle leaps!
Aiming: Bolt of Light
Press: ? - help, Shift-Dir - straight line, f - you, p - boulder beetle
Okay, then.
You start resting.
A boulder beetle is nearby!
Clouds of thunder condense around you!
The condenser dries out!
The boulder beetle is struck by lightning.
The boulder beetle curls into a ball and begins rolling!
Aiming: Throw Flame
Press: ? - help, Shift-Dir - straight line, f/p - boulder beetle
Aim: a boulder beetle (thunder, almost dead, rolling, 100% to hit)
The puff of flame hits the boulder beetle but does no damage.
The boulder beetle is almost dead.
Unknown command.
Unknown command.
Aiming: Throw Flame
Press: ? - help, Shift-Dir - straight line, f/p - boulder beetle
Aim: a boulder beetle (thunder, severely wounded, rolling, 100% to hit)
The puff of flame hits the boulder beetle but does no damage.
The boulder beetle is severely wounded.
The boulder beetle is struck by lightning.
The boulder beetle hits you!!
You die...

# ##.#
###.#...#
#...........#
... #.#####
#..~~~~≈~~..#
... #
#..~≈####~..#
#.#
#..~≈#.∩#~..#
..# #
#..~≈(..# .##
####.##.
#..~~(..# #
........
#..~≈)..#
....###
####.~≈#.>#
z...##..## ..
+@B§§§≈####
...##....#...
####§§≈≈~≈~~
z###.....#..
#........
......#....
##.###.##
......#..#
#.. .#
###..##..#
#B## #
y.##[#...##
.#
..uhD$....##
.#
...#)##....##


You could see a boulder beetle (rolling).

Vanquished Creatures
  A steam dragon (D:8)
  Duvessa (D:4)
  7 orc warriors (Bailey)
  An ice beast (D:7)
  A centaur (D:5)
  4 bullfrogs
  2 necrophages
  A gnoll sergeant (D:7)
  3 scorpions
  Dowan (D:4)
  A killer bee (D:8)
  2 howler monkeys
  A hound (D:5)
  3 jellies
  3 orc priests
  2 iguanas
  Jessica (D:3)
  Ijyb (D:5)
  4 orc wizards
  9 mummies
  14 gnolls
  8 adders
  A shadow imp (D:7)
  5 ufetubi
  A worm (D:2)
  3 dart slugs
  27 orcs
  7 bats
  16 endoplasms
  A giant cockroach (D:3)
  5 goblins
  10 hobgoblins
  3 jackals (D:3)
  18 kobolds
  8 quokkas
  10 ball pythons
  4 frilled lizards
  3 gnoll zombies (Ossuary)
  2 hobgoblin zombies (Ossuary)
  3 orc zombies (Ossuary)
  6 rats (D:1)
204 creatures vanquished.

Vanquished Creatures (others)
  An orc wizard (D:3)
  An orc (D:5)
  2 kobolds (Bailey)
  2 demonic plants (D:2)
  2 fungi (D:4)
  5 toadstools (D:4)
13 creatures vanquished.

Grand Total: 217 creatures vanquished

Notes
Turn   | Place    | Note
-------+----------+-------------------------------------------
     0 | D:1      | arthad the Gargoyle Monk began the quest for the Orb.
     0 | D:1      | Reached XP level 1. HP: 14/14 MP: 1/1
    99 | D:1      | Reached XP level 2. HP: 18/19 MP: 2/2
   465 | D:1      | Reached XP level 3. HP: 22/23 MP: 3/3
  1067 | D:2      | Reached XP level 4. HP: 10/29 MP: 4/4
  1198 | D:2      | Found a faded altar of an unknown god.
  1198 | D:2      | Noticed a neqoxec
  1554 | D:3      | Noticed Jessica
  1560 | D:3      | Killed Jessica
  1561 | D:3      | Reached skill level 4 in Fighting
  1957 | D:3      | Reached XP level 5. HP: 27/33 MP: 5/5
  2737 | D:4      | Found an ornate altar of the Wu Jian Council.
  2765 | D:4      | Reached XP level 6. HP: 29/39 MP: 6/6
  2834 | D:4      | Noticed Duvessa
  2836 | D:4      | Found a staircase to the Ecumenical Temple.
  2836 | D:4      | Noticed Dowan
  2851 | D:4      | Killed Duvessa
  2853 | D:4      | Killed Dowan
  2916 | D:4      | Found a sand-covered staircase.
  2931 | Ossuary  | Entered an ossuary
  2999 | Ossuary  | Reached skill level 5 in Fighting
  3011 | Ossuary  | Reached XP level 7. HP: 20/44 MP: 7/7
  3288 | Temple   | Entered the Ecumenical Temple
  3496 | Temple   | Became a worshipper of Warmaster Okawaru
  3496 | Temple   | Reached * piety under Okawaru
  3496 | Temple   | Reached ** piety under Okawaru
  3958 | D:4      | HP: 2/44 [frozen (5)]
  4336 | D:5      | Entered Level 5 of the Dungeon
  4500 | D:5      | Reached skill level 1 in Armour
  4500 | D:5      | Reached skill level 1 in Invocations
  4621 | D:5      | Reached skill level 6 in Fighting
  4633 | D:5      | Noticed Ijyb
  4641 | D:5      | Killed Ijyb
  4642 | D:5      | Reached XP level 8. HP: 51/51 MP: 9/9
  5811 | D:6      | Reached *** piety under Okawaru
  5894 | D:6      | Reached skill level 5 in Axes
  6088 | D:6      | Learned a level 2 spell: Blink
  6216 | D:7      | Reached skill level 7 in Fighting
  6637 | D:7      | Reached XP level 9. HP: 57/57 MP: 11/11
  6900 | D:7      | Found a shadowy altar of Dithmenos.
  7006 | D:8      | Noticed a boulder beetle
  7221 | D:8      | Received a gift from Okawaru
  7222 | D:8      | Reached skill level 5 in Dodging
  7256 | D:8      | Noticed a red ugly thing
  7270 | D:8      | Got the Handbook of the Elephant
  7292 | D:8      | Found a flagged portal.
  7306 | Bailey   | Entered a bailey
  7500 | Bailey   | Reached skill level 8 in Fighting
  7604 | Bailey   | Reached **** piety under Okawaru
  7852 | D:8      | Slain by a boulder beetle

Illustrated notes

Levels and vault maps discovered:
D:1:      tarquinn_simple_flora_water_b, layout_loops_ring
D:2:      layout_loops_ring, dreamdust_ecumenical_altar_sealed_demon,
          kennysheep_generic_room_5
D:3:      layout_basic, kennysheep_generic_room_3, uniq_jessica
D:4:      cheibrodos_fertilizer, layout_basic,
          mainiacjoe_overflow_six_doors_small, minmay_temple_entry_grid,
          gup_ossuary_entry_pyramid, uniq_duvessa
D:5:      layout_basic, uniq_ijyb
D:6:      layout_basic
D:7:      layout_gridville, lemuel_crystal_altar
D:8:      minmay_curly_fans, layout_loops_corners, enter_bailey_4
Temple:   nicolae_temple_bog_church

Skill      XL: |  1  2  3  4  5  6  7  8  9 |
---------------+----------------------------+-----
Axes           | 3 4 5 |  5.8
Stealth        | 3 4 |  4.8
Fighting       | 4 5 6 7 8 |  8.6
Dodging        | 3 4 5 |  5.3
Armour         | 1 3 4 |  4.4
Invocations    | 1 3 4 |  4.4

Action                   |  1- 3 |  4- 6 |  7- 9 || total
-------------------------+-------+-------+-------++-------
Melee: Hand axe          |   101 |    73 |       ||   174
       Punch             |     1 |     2 |     8 ||    11
       Flail             |       |   114 |   189 ||   303
       War axe           |       |       |   239 ||   239
Throw: Boomerang         |       |       |    21 ||    21
Invok: Heroism           |       |       |     4 ||     4
Evoke: Wand              |       |     7 |    12 ||    19
       Condenser vane    |       |       |     1 ||     1
  Use: Scroll            |       |     8 |     9 ||    17
       Potion            |       |     8 |     6 ||    14
 Stab: Sleeping          |     6 |     3 |     8 ||    17
       Invisible         |       |     3 |     3 ||     6
       Distracted        |       |       |     1 ||     1
Armor: Robe              |    24 |    98 |   202 ||   324
       Skin              |       |    29 |       ||    29
       Steam dragon scal |       |       |    24 ||    24
Dodge: Dodged            |    54 |   173 |   523 ||   750

Table legend: (Time is in decaauts)
 A = Elapsed time spent in this place.
 B = Non-inter-level travel time spent in this place.
 C = Inter-level travel time spent in this place.
 D = Time resting spent in this place.
 E = Time spent auto-exploring this place.
 F = Levels seen in this place.
 G = Mean time per level.
                   A        B        C        D        E       F      G
               +--------+--------+--------+--------+--------+-----+--------+
         Total |   8018 |   7774 |    244 |    687 |   4791 |  11 |  728.9 |
       Dungeon |   6931 |   6736 |    195 |    453 |   4392 |   8 |  866.4 |
        Temple |    234 |    185 |     49 |      0 |    165 |   1 |  234.0 |
       Ossuary |    348 |    348 |      0 |     92 |    103 |   1 |  348.0 |
        Bailey |    504 |    504 |      0 |    142 |    131 |   1 |  504.0 |
               +--------+--------+--------+--------+--------+-----+--------+

Top non-repeatable levels by time:
     D:5: 1354 daAuts
     D:4: 1168 daAuts
     D:3: 1118 daAuts
     D:1: 825 daAuts
     D:7: 800 daAuts
     D:2: 724 daAuts
     D:6: 506 daAuts
  Bailey: 504 daAuts
     D:8: 432 daAuts
 Ossuary: 348 daAuts
  Temple: 234 daAuts
